 Dungeon Crawl Stone Soup version 0.16-a0-4023-g001212b (console) character file.

79 Monkaria the Slasher (level 4, 0/40 HPs)
             Began as a Minotaur Chaos Knight on Feb 17, 2015.
             Killed by divine providence
             ... invoked by an orc priest
              (16 damage)
             ... on level 3 of the Dungeon.
             The game lasted 00:04:34 (1715 turns).

Monkaria the Slasher (Minotaur Chaos Knight)        Turns: 1715, Time: 00:04:34

Health: 0/40       AC:  8    Str: 18    XL:     4   Next: 17%
Magic:  2/2        EV: 11    Int: 11    God:    Xom [*.....]
Gold:   139        SH:  0    Dex:  9    Spells: 0 memorised, 3 levels left

rFire  . . .     SeeInvis .     a - +0 falchion (chaos)
rCold  . . .     Clarity  +     b - +2 leather armour
rNeg   . . .     SustAb   .     (no shield)
rPois  .         Gourm    .     (helmet restricted)
rElec  .         Spirit   .     (no cloak)
rCorr  .         Warding  .     e - +2 pair of gloves
rMut   .         Stasis   .     (no boots)
MR     .....                    u - amulet of clarity
Stlth  +.........               (no ring)
                                (no ring)

@: not resistant to hostile enchantments, very unstealthy
A: retaliatory headbutt, horns 2, clever 1
a: Renounce Religion


You were on level 3 of the Dungeon.
You worshipped Xom.
You were a special plaything of Xom.
You were not hungry.

You visited 1 branch of the dungeon, and saw 3 of its levels.

You collected 139 gold pieces.

Inventory:

Hand weapons
 a - a +0 falchion of chaos (weapon)
Missiles
 d - 4 curare-tipped needles
 p - 17 sling bullets of frost
Armour
 b - a +2 leather armour (worn)
 e - a +2 pair of gloves (worn)
Jewellery
 i - an uncursed amulet of stasis
 u - an amulet of clarity (around neck)
Magical devices
 s - a wand of hasting (5)
Scrolls
 f - a scroll of noise {unknown}
 g - a scroll of magic mapping {unknown}
 h - 2 scrolls of remove curse {unknown}
 k - a scroll of recharging {unknown}
 n - 3 scrolls of identify {unknown}
 o - a scroll of blinking {unknown}
 q - a scroll of fear {unknown}
 w - a scroll of enchant armour {unknown}
Potions
 j - a potion of might {unknown}
 l - a potion of degeneration {unknown}
 m - a potion of lignification {unknown}
 r - a potion of heal wounds {unknown}
Comestibles
 c - 3 bread rations
 t - a slice of pizza
 x - a meat ration


   Skills:
 - Level 4.0 Fighting
 + Level 5.8 Long Blades
 - Level 2.4 Armour
 - Level 1.1 Dodging


You had 3 spell levels left.
You didn't know any spells.

Dungeon Overview and Level Annotations

Branches:
Dungeon (3/15)

Altars:
Nemelex Xobeh
Vehumet
The Shining One


Innate Abilities, Weirdness & Mutations

You reflexively headbutt those who attack you in melee.
You have a pair of horns on your head.
Your mind is acute. (Int +2)


Message History

The adder zombie bites you.
An orc priest comes into view. It is wielding a club.
The orc priest shouts!
You hit the adder zombie. The adder zombie bites you.
The helpless adder zombie fails to defend itself.
You hit the adder zombie.
There is a sudden explosion of sparks!
You headbutt the adder zombie.
The adder zombie stops moving altogether!
A rat comes into view.
You hit the adder zombie but do no damage.
The orc priest mumbles some strange prayers to Beogh.
You feel troubled.
You hit the adder zombie.
You destroy the adder zombie!
An orc comes into view. It is wielding a hand axe.
The orc shouts!
The orc priest invokes the aid of Beogh against you.
Something smites you!
You die...
Xom laughs nastily!

#....≈..# #..≈.≈≈.#
#########.P.≈≈≈.#
..........P.≈≈≈P######
######.###.≈≈≈≈).....#
#.# #...%.......#
######.###..###.....>##.
.............))..........
######.#######..@.oro....
..# #.......##.. #..
#.......# #### ........##
#..####.... #... .##..
.... .# # ... .# .


You could see an orc priest, an orc and a rat.

Vanquished Creatures
  An adder (D:3)
  A worm (D:2)
  An adder zombie (D:3)
  2 adder skeletons (D:3)
  A giant gecko (D:2)
  2 orcs (D:3)
  2 ball pythons
  5 goblins
  7 hobgoblins
  4 jackals (D:2)
  5 kobolds
  2 quokkas (D:2)
  10 bats
  A giant cockroach (D:1)
  2 giant newts
  6 rats
52 creatures vanquished.

Notes
Turn   | Place    | Note
--------------------------------------------------------------
     0 | D:1      | Monkaria, the Minotaur Chaos Knight, began the quest for the Orb.
     0 | D:1      | Reached XP level 1. HP: 19/19 MP: 1/1
    64 | D:1      | Reached skill level 4 in Fighting
   346 | D:1      | Reached XP level 2. HP: 25/27 MP: 1/1
   383 | D:1      | XOM: divination: detect items
   435 | D:1      | XOM: 3-stop teleportation journey
   912 | D:2      | XOM is BORED!
   912 | D:2      | XOM: mild Pois miscast
   956 | D:2      | XOM: god gift: gold wand {god gift}
   990 | D:2      | Reached XP level 3. HP: 33/33 MP: 2/2
  1226 | D:2      | Found a glowing golden altar of the Shining One.
  1226 | D:2      | Found a sparkling altar of Nemelex Xobeh.
  1226 | D:2      | XOM: give mutation
  1226 | D:2      | Gained mutation: Your mind is acute. (Int +2) [Xom's grace]
  1262 | D:2      | Reached skill level 5 in Long Blades
  1302 | D:2      | XOM: vitrification
  1403 | D:2      | XOM: god gift: 17 sling bullets of frost
  1518 | D:2      | XOM: vitrification
  1630 | D:3      | Found a radiant altar of Vehumet.
  1683 | D:3      | XOM: noise
  1685 | D:3      | Reached XP level 4. HP: 30/40 MP: 2/2
  1715 | D:3      | Killed from afar by an orc priest

Action                   |  1- 3 |  4- 6 || total
-------------------------+-------+-------++-------
Melee: Falchion          |   109 |    15 ||   124
 Stab: Petrifying        |     2 |     1 ||     3
  Eat: Chunk             |     2 |     1 ||     3
